 Dungeon Crawl Stone Soup version 0.32-a0-673-g3729bd50f8 (webtiles) character file.

Game seed: 186683633276521117

815 ASSMAN the Grappler (level 7, 0/78 HPs)
             Began as a Demonspawn Berserker on Mar 10, 2024.
             Was a Priest of Trog.
             Slain by an ufetubus (1 damage)
             ... on level 5 of the Dungeon.
             The game lasted 00:05:50 (4216 turns).

ASSMAN the Grappler (Demonspawn Berserker)          Turns: 4216, Time: 00:05:51

Health: 0/78       AC:  3    Str: 17    XL:     7   Next: 62%
Magic:  7/7        EV: 12    Int: 13    God:    Trog [***...]
Gold:   170        SH:  0    Dex: 15    Spells: 6/6 levels left

rFire   . .          .
                       - Unarmed
rCold   . . .        (no shield)
rNeg    . . .        b - +0 leather armour
rPois   .            (helmet restricted)
rElec   .            (cloak unavailable)
rCorr   .            (no gloves)
SInv    .            (no boots)
Will    ++...        (no amulet) Stlth
                     n - +6 ring of intelligence
HPRegen 1.33/turn    (no ring)
MPRegen 0.10/turn

%: no passive effects
@: berserking (expiring), lethally poisoned (0 -> 0), strong-willed,
regenerating, very quick
A: antennae 1, weakness stinger 3, inability to read after injury 1
a: Renounce Religion, Berserk, Trog's Hand


You were on level 5 of the Dungeon.
You worshipped Trog.
Trog was most pleased with you.
You visited 1 branch of the dungeon, and saw 5 of its levels.
You also visited: Ossuary.

You collected 170 gold pieces.

Inventory:

Armour
 a - a +0 animal skin
 b - a +0 leather armour (worn)
Jewellery
 n - a +6 ring of intelligence (left hand)
Talismans
 p - a maw talisman
Scrolls
 c - a scroll of blinking {unknown}
 d - a scroll of identify
 f - 3 scrolls of amnesia
 g - a scroll of vulnerability
 h - a scroll of revelation {unknown}
 j - 2 scrolls of silence
Potions
 e - a potion of haste
 l - 4 potions of heal wounds


   Skills:
 - Level 3.0 Fighting
 - Level 1.7 Armour
 - Level 1.7 Dodging
 + Level 8.4 Unarmed Combat


You had 6 spell levels left.
You didn't know any spells.
Your spell library was empty.

Dungeon Overview and Level Annotations

Branches:
Dungeon (5/15)            Ossuary (visited)
 Temple: D:4-7

Altars:

Shops:
D:3 (   D:4 =


Innate Abilities, Weirdness & Mutations

You have a pair of small antennae on your head.
You have a sharp stinger which inflicts weakening toxins.
You occasionally lose the ability to read scrolls when taking damage.


Message History

You shake off the liquid fire.
You feel sick. The adder attacks as it pursues you!
The adder bites you but does no damage.
You punch the bombardier beetle!
The bombardier beetle is heavily wounded.
The ufetubus hits you but does no damage.
The ufetubus misses you. The adder barely misses you.
The bombardier beetle bites you but does no damage.
You pummel the bombardier beetle!!
You kill the bombardier beetle!
Trog accepts your kill.
You feel sick. The ufetubus slips past you! The ufetubus hits you.
* * * LOW HITPOINT WARNING * * *
The ufetubus closely misses you. The adder bites you.
* * * LOW HITPOINT WARNING * * *
You are more poisoned.
The adder poisons you!
You punch Blork the orc!
Blork the orc is almost dead.
You feel sick.
Blork the orc screams, "I'll drink your blood!
Soon!"
Blork the orc hits you with a +0 scimitar.
* * * LOW HITPOINT WARNING * * *
Unknown command.
You punch Blork the orc!
You kill Blork the orc!
Trog accepts your kill.
Trog appreciates your killing of a magic user.
The ufetubus hits you but does no damage.
The ufetubus barely misses you. The adder misses you.
You punch the adder!
You kill the adder!
Trog accepts your kill.
* * * LOW HITPOINT WARNING * * *
You feel sick. The ufetubus misses you.
The ufetubus hits you but does no damage.
You punch the ufetubus!
The ufetubus is severely wounded.
You feel sick. The ufetubus hits you.
You die...

#.##.# ##..$ ...#.# ....
# #..#.# #... .##
#..#.####... #.####
#..#......# #...%#
#.........## ##.##.####
......##...###.$......#
......##.......)†.....#
.....###.##...#.@5....#
......)....#.##........#
.#.....#.#.#.##........#
.#...........##........#
....#..#.#.#.##........#
...##...>............#.#
.## #..#####.#####.... #
. ...# .# ##... .#.## #


You could see an ufetubus.

Vanquished Creatures
  Blork the orc (D:5)
  A weeping skull (Ossuary)
  3 water moccasin zombies (Ossuary)
  A scorpion (D:4)
  2 bombardier beetles
  A spectral scorpion (Ossuary)
  2 iguanas (D:4)
  3 orc wizards
  A crocodile zombie (Ossuary)
  3 mummies
  6 adders
  2 adder zombies (Ossuary)
  2 ribbon worms
  2 dart slugs
  6 orcs
  9 endoplasms
  8 giant cockroaches
  6 gnoll zombies (Ossuary)
  2 goblins
  13 hobgoblins
  2 jackals (D:4)
  5 kobolds
  2 quokkas
  8 ball pythons
  6 bats
  3 frilled lizards
  2 hobgoblin zombies (D:4)
  6 jackal zombies (Ossuary)
  4 orc zombies (Ossuary)
  7 rats
119 creatures vanquished.

Notes
Turn   | Place    | Note
-------+----------+-------------------------------------------
     0 | D:1      | ASSMAN the Demonspawn Berserker began the quest for the
                  | Orb.
     0 | D:1      | Reached XP level 1. HP: 18/18 MP: 1/1
   252 | D:1      | Reached skill level 3 in Unarmed Combat
   291 | D:1      | Discovered your monstrous ancestry.
   291 | D:1      | Gained mutation: You have a small tail. [demonic ancestry]
   291 | D:1      | Reached XP level 2. HP: 20/24 MP: 2/2
   887 | D:2      | Reached XP level 3. HP: 17/29 MP: 3/3
  1036 | D:2      | Reached ** piety under Trog
  1143 | D:2      | Reached skill level 4 in Unarmed Combat
  1242 | D:2      | Found a faded altar of an unknown god.
  1694 | D:3      | Reached XP level 4. HP: 35/35 MP: 4/4
  1785 | D:3      | Reached skill level 5 in Unarmed Combat
  1904 | D:3      | Gained mutation: You have a tail ending in a sharp stinger.
                  | [demonic ancestry]
  1904 | D:3      | Reached XP level 5. HP: 21/41 MP: 5/5
  2257 | D:3      | Found Tuaqycoi's Weapon Shop.
  2669 | D:4      | Found a sand-covered staircase.
  2691 | Ossuary  | Entered an ossuary
  2774 | Ossuary  | Reached skill level 6 in Unarmed Combat
  2852 | Ossuary  | Gained mutation: You have a pair of small antennae on your
                  | head. [demonic ancestry]
  2852 | Ossuary  | Reached XP level 6. HP: 23/47 MP: 6/6
  2983 | Ossuary  | Reached *** piety under Trog
  3070 | Ossuary  | Reached skill level 7 in Unarmed Combat
  3143 | Ossuary  | Gained mutation: You have a sharp stinger which inflicts
                  | weakening toxins. [demonic ancestry]
  3143 | Ossuary  | Reached XP level 7. HP: 16/52 MP: 7/7
  3312 | Ossuary  | Gained mutation: You occasionally lose the ability to read
                  | scrolls when taking damage. [potion of mutation]
  3825 | D:4      | Found Lakot's Jewellery Boutique.
  3958 | D:4      | Reached skill level 8 in Unarmed Combat
  4123 | D:5      | Entered Level 5 of the Dungeon
  4202 | D:5      | Noticed Blork the orc
  4213 | D:5      | HP: 1/78 [Blork the orc/+0 scimitar (4)]
  4214 | D:5      | Killed Blork the orc
  4216 | D:5      | Slain by an ufetubus

Illustrated notes

Levels and vault maps discovered:
D:1:      dpeg_arrival_rhombi, layout_loops_ring, chequers_serial_rivers_micro_e
D:2:      layout_rooms, shapermc_ecumenical_altar_venn
D:3:      minmay_octagon_keep, layout_basic, nicolae_elyvilon_temple_path,
          serial_shops, nicolae_shop_behind_doors, minmay_unequal
D:4:      layout_loops_ring, serial_shops, nicolae_square_shop,
          nicolae_ossuary_entry_giza
D:5:      layout_loops_ring, mainiacjoe_overflow_chevrons, serial_rivers,
          chequers_serial_rivers_micro_c, chequers_serial_rivers_micro_d,
          chequers_serial_rivers_room_b, chequers_serial_rivers_micro_e,
          chequers_serial_rivers_small_a, chequers_serial_rivers_room_b,
          uniq_blork_the_orc

Skill      XL: |  1  2  3  4  5  6  7 |
---------------+----------------------+-----
Unarmed Combat | 3 4 5 6 7 8 |  8.4
Fighting       | |  3.0
Armour         | |  1.7
Dodging        | |  1.7

Action                     |  1- 3 |  4- 6 |  7- 9 || total
---------------------------+-------+-------+-------++-------
  Melee: Unarmed           |   135 |   155 |    60 ||   350
         Punch             |     5 |     5 |     1 ||    11
         Tailslap          |    12 |    22 |    11 ||    45
 Invoke: Berserk           |     2 |     5 |     2 ||     9
         Trog's Hand       |       |       |     1 ||     1
    Use: Scroll            |       |     3 |     4 ||     7
         Potion            |       |       |    11 ||    11
   Stab: Invisible         |       |       |     1 ||     1
         Sleeping          |       |       |     1 ||     1
 Armour: Animal skin       |    12 |       |       ||    12
         Leather armour    |    51 |    82 |    34 ||   167
  Dodge: Dodged            |    79 |    79 |    39 ||   197

Table legend: (Time is in decaauts)
 A = Elapsed time spent in this place.
 B = Non-inter-level travel time spent in this place.
 C = Inter-level travel time spent in this place.
 D = Time resting spent in this place.
 E = Time spent auto-exploring this place.
 F = Levels seen in this place.
 G = Mean time per level.
                   A        B        C        D        E       F      G
               +--------+--------+--------+--------+--------+-----+--------+
         Total |   4234 |   4132 |    102 |    567 |   2891 |   6 |  705.7 |
       Dungeon |   3447 |   3345 |    102 |     73 |   2737 |   5 |  689.4 |
       Ossuary |    786 |    786 |      0 |    493 |    154 |   1 |  786.0 |
               +--------+--------+--------+--------+--------+-----+--------+

Top non-repeatable levels by time:
     D:3: 1185 daAuts
     D:1: 884 daAuts
 Ossuary: 786 daAuts
     D:4: 677 daAuts
     D:2: 611 daAuts
     D:5: 89 daAuts
